 Dungeon Crawl Stone Soup version 0.19.0-18-g426998a (webtiles) character file.

1168 HungrySpirit the Skirmisher (level 8, -4/63 HPs)
             Began as a Mummy Artificer on Nov 10, 2016.
             Was an Initiate of Gozag.
             Slain by Duvessa
             ... wielding a +0 short sword
              (5 damage)
             ... on level 4 of the Dungeon on Nov 11, 2016.
             The game lasted 00:11:31 (5758 turns).

HungrySpirit the Skirmisher (Mummy Artificer)       Turns: 5758, Time: 00:11:31

Health: -4/63      AC:  9    Str: 18    XL:     8   Next: 17%
Magic:  11/11      EV:  7    Int: 10    God:    Gozag
Gold:   708        SH:  0    Dex: 12    Spells: 0 memorised, 7 levels left

rFire  x . .     SeeInvis .     o - +2 dagger (venom)
rCold  + . .     Gourm    .     l - +0 chain mail
rNeg   + + +     Faith    .     (no shield)
rPois  ∞         Spirit   .     j - +0 helmet
rElec  .         Reflect  .     (no cloak)
rCorr  .         Harm     .     (no gloves)
MR     +....                    (no boots)
Stlth  ..........               (no amulet)
                                (no ring)
                                n - ring of flight

@: no status effects
A: no food or potions, fire vulnerability, cold resistance 1, negative energy
resistance 3, torment resistance, unbreathing
a: Potion Petition, Call Merchant, Bribe Branch, Renounce Religion, Evoke Flight


You were on level 4 of the Dungeon.
You worshipped Gozag.
Gozag was pleased with you.
You were not hungry.

You visited 2 branches of the dungeon, and saw 5 of its levels.

You collected 823 gold pieces.
You paid 115 gold pieces to Gozag.

Inventory:

Hand Weapons
 i - a +0 hand axe
 o - a +2 dagger of venom (weapon)
Armour
 j - a +0 helmet (worn)
 l - a +0 chain mail (worn)
Jewellery
 n - a ring of flight (left hand)
Wands
 c - a wand of flame (0/48)
 d - a wand of enslavement (12/24)
 e - a wand of random effects (0/48)
Scrolls
 b - a scroll of fear {unknown}
 f - 4 scrolls of enchant armour {unknown}
 g - a scroll of enchant weapon {unknown}
 h - 2 scrolls of amnesia {unknown}
 k - 3 scrolls of remove curse {unknown}
 m - 7 scrolls of identify {unknown}


   Skills:
 + Level 5.5 Fighting
 - Level 0.7 Short Blades
 * Level 5.0 Axes
 - Level 1.5 Dodging
 - Level 0.7 Stealth
 + Level 4.8 Evocations


You had 7 spell levels left.
You didn't know any spells.

Dungeon Overview and Level Annotations

Branches:
Dungeon (4/15)             Temple (1/1) D:4

Altars:
Dithmenos
Gozag
Hepliaklqana
Kikubaaqudgha
Makhleb
Okawaru
Ru
Trog
Vehumet
Yredelemnul
Zin

Annotations:
D:4 Duvessa


Innate Abilities, Weirdness & Mutations

You do not eat or drink.
Your flesh is vulnerable to fire.
You are immune to poison.
Your flesh is cold resistant. (rC+)
You are immune to negative energy. (rN+++)
You are immune to unholy pain and torment.
You can survive without breathing.


Message History

Duvessa is moderately wounded.
Duvessa barely misses you.
The black bear bites you but does no damage.
The black bear claws you but does no damage.
The black bear closely misses you. Duvessa hits you but does no damage.
Duvessa closely misses you.
There is a stone staircase leading down here.
Duvessa hits you with a short sword!
* * * LOW HITPOINT WARNING * * *
You can't drink.
You hit Duvessa but do no damage.
Duvessa looks as sick as possible!
Duvessa is moderately wounded.
Duvessa barely misses you.
You hit Duvessa but do no damage.
Duvessa looks as sick as possible!
Duvessa is moderately wounded.
Duvessa hits you but does no damage. Duvessa hits you with a short sword!
* * * LOW HITPOINT WARNING * * *
Duvessa hits you with a short sword.
You die...
Your body crumbles into a pile of gold.

.................................
.....................#######...##
.....##.............## #...##
.....####........#.## #...##
###### #.###..#.#..##########>..
#)###.##..........##.....
###.....#####h#####.#..(...
######.....#..##................
#..............@e..#######......
#...........##.##.## #......
#..........###.##.# #......
#..........###)%..# ##.##..
#..............###### ####.....
#......####.........####........
#.....## #####.###...#..##.....
####..##### #...............!.
#.##...# #####.#########.....


You could see Duvessa (berserk) and a black bear.

Vanquished Creatures
  Edmund (D:4)
  A sky beast (D:4)
  7 big kobolds (D:4)
  A scorpion (D:4)
  Dowan (D:4)
  A crimson imp (D:4)
  2 orc wizards
  An orc priest (D:3)
  A worker ant (D:4)
  A hound skeleton (D:4)
  Robin (D:3)
  4 adders
  A gnoll (D:4)
  4 worms
  4 dart slugs
  2 leopard geckos (D:3)
  21 orcs
  13 goblins
  14 hobgoblins
  10 jackals
  A ball python (D:3)
  11 bats
  2 frilled lizards
  49 kobolds
  6 rats
160 creatures vanquished.

Vanquished Creatures (collateral kills)
  4 orcs (D:3)
  A goblin (D:3)
  2 jackals (D:3)
7 creatures vanquished.

Grand Total: 167 creatures vanquished

Notes
Turn   | Place    | Note
-------+----------+-------------------------------------------
     0 | D:1      | HungrySpirit the Mummy Artificer began the quest for the Orb.
     0 | D:1      | Reached XP level 1. HP: 15/15 MP: 2/2
   368 | D:1      | Reached XP level 2. HP: 21/21 MP: 3/3
  1234 | D:2      | Found an ancient bone altar of Kikubaaqudgha.
  1311 | D:2      | Reached XP level 3. HP: 8/28 MP: 5/5
  1873 | D:2      | Found an iron altar of Okawaru.
  2186 | D:3      | Reached XP level 4. HP: 35/35 MP: 6/6
  2205 | D:3      | Reached skill level 1 in Axes
  3125 | D:3      | Reached XP level 5. HP: 41/41 MP: 7/7
  3139 | D:3      | Noticed Robin
  3258 | D:3      | Killed Robin
  3757 | D:3      | Found a bloodstained altar of Trog.
  3761 | D:3      | Found a radiant altar of Vehumet.
  3761 | D:3      | Found a basalt altar of Yredelemnul.
  3764 | D:3      | Found a shadowy altar of Dithmenos.
  3895 | D:4      | Found a staircase to the Ecumenical Temple.
  3954 | Temple   | Entered the Ecumenical Temple
  3972 | Temple   | Became a worshipper of Gozag Ym Sagoz the Greedy
  4041 | D:4      | Noticed Dowan
  4043 | D:4      | Noticed Duvessa
  4170 | D:4      | Found a glowing silver altar of Zin.
  4264 | D:4      | Noticed a sky beast
  4281 | D:4      | Killed a sky beast
  4281 | D:4      | Reached XP level 6. HP: 42/48 MP: 8/8
  4493 | D:4      | Killed Dowan
  4590 | D:4      | Reached XP level 7. HP: 49/55 MP: 8/10
  4705 | D:4      | Noticed Edmund
  4745 | D:4      | Killed Edmund
  5130 | D:4      | Reached skill level 5 in Fighting
  5220 | D:4      | Reached XP level 8. HP: 43/62 MP: 11/11
  5357 | D:4      | Reached skill level 5 in Axes
  5720 | D:4      | Upgraded the game from 0.19.0-16-g73b5abf to 0.19.0-18-g426998a
  5756 | D:4      | HP: 1/63 [Duvessa/short sword (10)]
  5758 | D:4      | Slain by Duvessa

Skill      XL: |  1  2  3  4  5  6  7  8 |
---------------+-------------------------+-----
Fighting       | 2 3 4 5 |  5.5
Evocations     | 3 4 |  4.8
Axes           | 1 2 3 4 5 |  5.0
Short Blades   | |  0.7
Dodging        | |  1.5
Stealth        | |  0.7

Action                   |  1- 3 |  4- 6 |  7- 9 || total
-------------------------+-------+-------+-------++-------
Melee: Short sword       |   147 |   182 |       ||   329
       Dagger            |       |   174 |   221 ||   395
Evoke: Wand              |     8 |    10 |    15 ||    33
 Stab: Sleeping          |     2 |       |       ||     2
       Distracted        |       |       |     1 ||     1
Armor: Leather armour    |    17 |       |       ||    17
       Chain mail        |    63 |   230 |   133 ||   426
Dodge: Dodged            |    63 |   157 |    92 ||   312
